AoeStats
← MarXthedruid

Glade

510370411Analyzed
1v1 RM · 19h ago on Sep 30, 2026· 35m 30s· 2 players
Game mode
Random Map
Map size
Tiny (2 player)
Population
200
Speed
Normal
Resources
Standard
Victory
Conquest
Starting age
Dark Age
Ending age
Imperial Age
RankedLock teamsTeams togetherTeam positionsShared explorationLock speedFull tech treeHidden civsTurbo modeCheats
Victory
Defeat
🇬🇧 Goths · United Kingdom
1157
+15
🇦🇹 Danes · Austria
1143
-15
stYx
6:15 Loom
10:45 Feudal Age
10:46 Man-at-Arms
20:32 Horse Collar
21:46 Wheelbarrow
25:48 Castle Age
23:44 Double-Bit Axe
25:48 Fletching
25:59 Padded Archer Armor
34:22 Squires
MarXthedruid
4:22 Loom
11:16 Feudal Age
12:00 Man-at-Arms
17:37 Scale Mail Armor
17:38 Double-Bit Axe
20:36 Fletching
25:34 Castle Age
24:03 Gold Mining
24:20 Horse Collar
25:51 Padded Archer Armor
25:37 Crossbowman
28:56 Bodkin Arrow
29:40 Wheelbarrow
28:52 Town Watch
29:20 Bow Saw
34:36 Ballistics
34:21 Heavy Plow
Connection lost

Rejoining the realm…

Still unreachable

The connection could not be restored.

Session expired

The server has moved on; the page needs a fresh start.